 Dungeon Crawl Stone Soup version 0.21.1-1-g345015f (webtiles) character file.

49 tidbits the Firebug (level 3, -5/25 HPs)
             Began as a Gnoll Fire Elementalist on Feb 13, 2018.
             Slain by Pikel
             ... wielding a +1 whip of freezing
              (10 damage)
             ... on level 3 of the Dungeon.
             The game lasted 00:04:19 (424 turns).

tidbits the Firebug (Gnoll Fire Elementalist)        Turns: 424, Time: 00:04:19

Health: -5/25      AC:  3    Str: 10    XL:     3   Next: 77%
Magic:  8/9        EV: 14    Int: 18    God:
Gold:   46         SH:  0    Dex: 15    Spells: 9/12 levels left

rFire    . . .     SeeInvis .   d - +0 dagger
rCold    . . .     Gourm    .   (no shield)
rNeg     . . .     Faith    .   a - +0 robe
rPois    .         Spirit   .   (no helmet)
rElec    .         Reflect  .   C - +0 cloak
rCorr    .         Harm     .   (no gloves)
MR       .....                  (no boots)
Stlth    +++.......             (no amulet)
HPRegen  0.08/turn              W - ring of wizardry (curse)
MPRegen  0.11/turn              (no ring)

@: very slightly contaminated, invisible
A: distributed training, fangs 1, strong nose
a: no special abilities


You were on level 3 of the Dungeon.
You were not hungry.

You visited 1 branch of the dungeon, and saw 4 of its levels.

You collected 46 gold pieces.

Inventory:

Hand Weapons
 d - a +0 dagger (weapon)
 e - a +0 short sword
 g - a +3 quarterstaff of chaos
   (You took it off Crazy Yiuf on level 3 of the Dungeon)
Missiles
 k - 7 tomahawks of returning (quivered)
Armour
 a - a +0 robe (worn)
 C - a +0 cloak (worn)
Jewellery
 W - a cursed ring of wizardry (left hand)
   (You found it on level 1 of the Dungeon)
Wands
 n - a wand of flame (21)
Scrolls
 f - a scroll of amnesia
 i - a scroll of teleportation
 j - a scroll of enchant weapon {unknown}
 l - a scroll of random uselessness
Potions
 h - a potion of invisibility
Books
 b - a book of Flames

   Spells                             Type                      Level
   a - Flame Tongue                   Conjuration/Fire             1
   b - Throw Flame                    Conjuration/Fire             2
   c - Conjure Flame                  Conjuration/Fire             3
   d - Inner Flame                    Hexes/Fire                   3
   e - Sticky Flame                   Conjuration/Fire             4
   f - Fireball                       Conjuration/Fire             5
Comestibles
 c - 3 rations


   Skills:
 + Level 0.9 Fighting
 + Level 0.9 Short Blades
 + Level 0.9 Long Blades
 + Level 0.9 Axes
 + Level 0.9 Maces & Flails
 + Level 0.9 Polearms
 + Level 0.9 Staves
 + Level 0.9 Slings
 + Level 0.9 Bows
 + Level 0.9 Crossbows
 + Level 0.9 Throwing
 + Level 0.9 Armour
 + Level 4.5 Dodging
 + Level 4.2 Stealth
 + Level 0.9 Shields
 + Level 0.9 Unarmed Combat
 + Level 5.0 Spellcasting
 + Level 2.1 Conjurations
 + Level 0.6 Hexes
 + Level 0.6 Charms
 + Level 0.6 Summonings
 + Level 0.6 Necromancy
 + Level 0.6 Translocations
 + Level 0.6 Transmutations
 + Level 5.4 Fire Magic
 + Level 0.6 Ice Magic
 + Level 0.6 Air Magic
 + Level 0.6 Earth Magic
 + Level 0.6 Poison Magic
 + Level 1.0 Invocations
 + Level 0.9 Evocations


You had 9 spell levels left.
You knew the following spells:

 Your Spells              Type           Power        Failure   Level  Hunger
a - Flame Tongue          Conj/Fire      ###..        1%          1    None
j - Throw Flame           Conj/Fire      ###...       1%          2    #......


Dungeon Overview and Level Annotations

Branches:
Dungeon (4/15)
 Temple: D:4-7

Altars:

Annotations:
D:3 Pikel


Innate Abilities, Weirdness & Mutations

Your experience applies equally to all skills.
You have very sharp teeth.
Your uncanny sense of smell can sniff out nearby items.


Message History

You finish putting on your +0 cloak.
Adjust (i)tems, (s)pells, or (a)bilities?
Adjust which item? (? for menu, Esc to quit)
m - a +0 cloak (worn)
Adjust to which letter? (? for menu, Esc to quit)
C - a +0 cloak (worn)
As you read the scroll labeled ECSOARH BUATA, it crumbles to dust.
You feel strangely unstable.
It was a scroll of teleportation.
There is an open door here.
Your surroundings suddenly seem different.
There is a stone staircase leading up here.
You climb upwards.
There is a stone staircase leading down here.
Unknown command.
You see here a hand axe.
There is an escape hatch in the floor here.
You slide downwards.
The hatch slams shut behind you.
Found a scroll of identify.
Found a stone staircase leading down.
Unknown command.
You flicker for a moment.
You see here a scroll of identify.
m - a scroll of identify You flicker back into view. 2 orcs come into view.
An orc comes into view.
There is a stone staircase leading down here.
Unknown command.
As you read the scroll of identify, it crumbles to dust.
f - a scroll of amnesia The orc shouts!
The teleport trap disappears.
The orc disappears!
You climb downwards.
There is a stone staircase leading up here.
Unknown command.
A worker ant, a slave and Pikel come into view.
Pikel is wielding a whip of freezing.
Pikel shouts!
The slave shouts!
You hear a shout! x2
A slave comes into view.
There is a stone staircase leading up here.
A slave comes into view.
A slave comes into view.
Casting: Flame Tongue
Confirm with . or Enter, or press ? or * to list all spells.
Aiming: Flame Tongue
Press: ? - help, Shift-Dir - straight line, f - slave
Aim: a slave, wearing an animal skin The flame tongue misses the slave.
Unknown command.
You climb upwards.
The orc hits you with a hand axe! The orc hits you but does no damage.
There is a stone staircase leading down, spattered with blood here.
Unknown command.
Unknown command.
Evoke which item? (* to show all) (? for menu, Esc to quit)
Okay, then.
You fade into invisibility!
Pikel says, "Why not give up?
You'll get fed.
Maybe."
Pikel closely misses you. The orc misses you.
A hobgoblin comes into view. It is wielding a club.
The orc shouts!
You hit Pikel.
Pikel is lightly wounded.
Pikel hits you but does no damage.
The hobgoblin moves out of view.
Unknown command.
Press: ? - help, v - describe, . - travel
Here: Pikel, wielding a whip of freezing and wearing an embroidered robe (lightly wounded)
The floor.
You closely miss Pikel.
Pikel is lightly wounded.
The orc barely misses you.
You hit the orc.
The orc is severely wounded.
The orc closely misses you. The orc hits you.
You closely miss the orc.
The orc is severely wounded.
The orc barely misses you.
You hit Pikel but do no damage.
Pikel is lightly wounded.
Pikel says, "You'll feel the lick of my whip!"
Pikel hits you with a whip of freezing.
* * * LOW HITPOINT WARNING * * *
Pikel freezes you.
* * * LOW HITPOINT WARNING * * *
Unknown command.
You hit Pikel but do no damage.
Pikel is lightly wounded.
The orc hits you but does no damage. The orc closely misses you.
Pikel hits you but does no damage.
Unknown command.
The orc shouts!
You hit Pikel but do no damage.
Pikel is lightly wounded.
The orc closely misses you. x2; Pikel closely misses you.
Okay, then.
You barely miss Pikel.
Pikel is lightly wounded.
The orc misses you. The orc hits you with a hand axe.
* * * LOW HITPOINT WARNING * * *
Pikel hits you with a whip of freezing!
You die...

........ ...#####
..#.. ...#######
#.#.# .........#
#...# .........#
#...# .........#
#...# .........#
#...# .........#
#..o####
...###...#.###..@...#
.....#...#..r..Ko...#
...%.#...#####......#
.....#..............#
.....#..............#
####.#.†...o........#
.#.)............#
#.............##
♣♣####..>..........#


You could see Pikel, 3 orcs and a quokka (wandering).

Vanquished Creatures
  Crazy Yiuf (D:3)
  A worm (D:2)
  A leopard gecko (D:1)
  3 bats
  A giant cockroach (D:3)
  2 goblins (D:3)
  3 hobgoblins (D:3)
  A quokka (D:2)
  2 frilled lizards
15 creatures vanquished.

Notes
Turn   | Place    | Note
-------+----------+-------------------------------------------
     0 | D:1      | tidbits the Gnoll Fire Elementalist began the quest for the Orb.
     0 | D:1      | Reached XP level 1. HP: 13/13 MP: 6/6
   133 | D:2      | Reached skill level 2 in Conjurations
   136 | D:2      | Reached XP level 2. HP: 16/19 MP: 0/7
   140 | D:2      | Learned a level 2 spell: Throw Flame
   353 | D:3      | Found a runed door.
   358 | D:3      | Noticed Crazy Yiuf
   364 | D:3      | Killed Crazy Yiuf
   364 | D:3      | Reached skill level 5 in Spellcasting
   364 | D:3      | Reached skill level 1 in Invocations
   364 | D:3      | Reached XP level 3. HP: 25/25 MP: 2/9
   405 | D:4      | Noticed Pikel
   405 | D:4      | Noticed a slave
   406 | D:4      | Noticed a slave
   410 | D:4      | Noticed a slave
   411 | D:4      | Noticed a slave
   424 | D:3      | Slain by Pikel

Skill      XL: |  1  2 |
---------------+-------+-----
Conjurations   | 2 |  2.1
Spellcasting   | 5 |  5.0
Invocations    | 1 |  1.0
Fighting       | |  0.9
Short Blades   | |  0.9
Long Blades    | |  0.9
Axes           | |  0.9
Maces & Flails | |  0.9
Polearms       | |  0.9
Staves         | |  0.9
Slings         | |  0.9
Bows           | |  0.9
Crossbows      | |  0.9
Throwing       | |  0.9
Armour         | |  0.9
Dodging        | |  4.5
Stealth        | |  4.2
Shields        | |  0.9
Unarmed Combat | |  0.9
Hexes          | |  0.6
Charms         | |  0.6
Summonings     | |  0.6
Necromancy     | |  0.6
Translocations | |  0.6
Transmutations | |  0.6
Fire Magic     | |  5.4
Ice Magic      | |  0.6
Air Magic      | |  0.6
Earth Magic    | |  0.6
Poison Magic   | |  0.6
Evocations     | |  0.9

Action                   || total
-------------------------++-------
Melee: Dagger            ||    12
Throw: Tomahawk          ||     1
 Cast: Flame Tongue      ||    24
  Use: Scroll            ||     4
       Potion            ||     2
 Stab: Sleeping          ||     2
       Invisible         ||     1
Armor: Robe              ||     6
Dodge: Dodged            ||    19

Table legend:
 A = Turns spent in this place as a percentage of turns spent in the entire game.
 B = Non-inter-level travel turns spent in this place as a percentage of non-inter-level travel turns spent in the entire game.
 C = Inter-level travel turns spent in this place as a percentage of turns spent in this place.
 D = Turns resting spent in this place as a percentage of non-inter-level travel turns spent in this place.
 E = Turns spent auto-exploring this place as a percentage of non-inter-level travel turns spent in this place.
 F = Non-inter-level travel turns spent in this place divided by the number of levels of this place that you've seen.
                   A       B       C       D       E      F
               +-------+-------+-------+-------+-------+----------------------
         Total | 100.0 | 100.0 |   0.0 |   0.0 |   0.0 | 106.0
       Dungeon | 100.0 | 100.0 |   0.0 |   0.0 |   0.0 | 106.0
               +-------+-------+-------+-------+-------+----------------------

Table legend:
 A = Kills in this place as a percentage of kills in entire the game.
 B = Kills by you in this place as a percentage of kills by you in the entire game.
 C = Kills by friends in this place as a percentage of kills by friends in the entire game.
 D = Other kills in this place as a percentage of other kills in the entire game.
 E = Experience gained in this place as a percentage of experience gained in the entire game.
 F = Experience gained in this place divided by the number of levels of this place that you have seen.
                   A       B       C       D       E      F
               +-------+-------+-------+-------+-------+----------------------
         Total | 100.0 | 100.0 |   N/A |   N/A | 100.0 |  17.8
       Dungeon | 100.0 | 100.0 |   N/A |   N/A | 100.0 |  17.8
               +-------+-------+-------+-------+-------+----------------------

Vault maps used:
D:1:      saegor_arrival_simple_d
D:2:      first_ration, uniq_jessica
D:3:      nicolae_overflow_hidden_temple, uniq_grinder, uniq_crazy_yiuf_cottage
D:4:      makhleb_heckhound_becter, trog_eyes_of_draining,
          minmay_temple_entry_poolview, serial_shops, shop, uniq_pikel
